 Dungeon Crawl Stone Soup version 0.29-a0-330-g52719c12eb (webtiles) character file.

Game seed: 7711565240127654925

53 rabbitsville the Bolt Thrower (level 3, -24/21 HPs)
             Began as a Gargoyle Hunter on Apr 12, 2022.
             Killed by an exploding kobold (31 damage)
             ... ignited by their inner flame
             ... on level 2 of the Dungeon.
             The game lasted 00:05:27 (1702 turns).

rabbitsville the Bolt Thrower (Gargoyle Hunter)     Turns: 1702, Time: 00:05:28

Health: -24/21     AC: 16    Str: 14    XL:     3   Next: 89%
Magic:  3/3        EV: 11    Int:  9    God:
Gold:   148        SH:  0    Dex: 15    Spells: 2/2 levels left

rFire   . . .      SeeInvis .   b - +2 dagger (protect)
rCold   . . .      Faith    .   (no shield)
rNeg    + . .      Spirit   .   p - +3 leather armour
rPois   ∞          Reflect  .   (no helmet)
rElec   +          Harm     .   (no cloak)
rCorr   .          Rampage  .   (no gloves)
Will    .....                   (no boots)
Stlth   ++........              (no amulet)
HPRegen 0.07/turn               (no ring)
MPRegen 0.08/turn               (no ring)

@: under a protective aura
A: sickness immunity, AC +3, negative energy resistance 1, electricity
resistance, torment resistance 1, petrification resistance
a: no special abilities


You were on level 2 of the Dungeon.
You visited 1 branch of the dungeon, and saw 3 of its levels.

You collected 148 gold pieces.

Inventory:

Hand Weapons
 a - a +1 hand crossbow
 b - a +2 dagger of protection (weapon)
Armour
 e - a +0 leather armour
 p - a +3 leather armour (worn)
Jewellery
 o - a ring of fire
Scrolls
 c - a scroll of immolation
 g - a scroll of enchant weapon {unknown}
 i - a scroll of identify
 j - 2 scrolls of fog
 l - a scroll of vulnerability {unknown}
 m - a scroll of brand weapon {unknown}
Potions
 d - 3 potions of curing {unknown}
 f - 2 potions of haste {unknown}
 k - a potion of might {unknown}
 n - a potion of flight {unknown}


   Skills:
 - Level 2.1 Fighting
 * Level 5.0 Crossbows
 + Level 1.9 Armour
 - Level 1.5 Dodging
 - Level 1.1 Stealth


You had 2 spell levels left.
You didn't know any spells.
Your spell library was empty.

Dungeon Overview and Level Annotations

Branches:
Dungeon (3/15)

Altars:

Shops:
D:1 *

Annotations:
D:2 Sigmund, Terence
D:3 2 transporters


Innate Abilities, Weirdness & Mutations

You are immune to sickness and miasma.
Your stone body is resilient. (AC +3)
You are immune to poison.
You resist negative energy. (rN+)
You are resistant to electric shocks. (rElec)
You are resistant to unholy torment.
You are immune to petrification.


Message History

Sigmund gestures at you while chanting. You resist with significant effort.
As you read the scroll labelled LAIRRI BAIMOTH, it crumbles to dust.
It is a scroll of identify.
j - 2 scrolls of fog Blink to where?
Press: ? - help, Dir - move target, p - Sigmund
As you read the scroll labelled ONACRO URABAH, it crumbles to dust.
It was a scroll of blinking.
Really read the scroll of immolation?
As you read the scroll of immolation, it crumbles to dust.
The creatures around you are filled with an inner flame!
Your +2 dagger of protection goes still.
a - a +1 hand crossbow (weapon)
You shoot a bolt. The bolt closely misses Sigmund.
You shoot a bolt. The bolt barely misses Sigmund.
Sigmund points at you and mumbles some strange words.
You are confused.
The kobold throws a stone.
The stone hits you but does no damage.
You shoot a bolt. Sigmund barely misses you.
You shoot a bolt. The kobold throws a stone.
The stone hits you but does no damage.
You shoot a bolt. The bolt misses Sigmund.
Sigmund barely misses you.
You are too confused!
Your +2 dagger of protection hums with potential!
b - a +2 dagger of protection (weapon)
Sigmund hits you but does no damage.
You miss the kobold. The kobold closely misses you.
The kobold barely misses you. Sigmund barely misses you.
You feel less confused.
The kobold hits you with a +0 short sword.
Sigmund casts a spell.
Sigmund flickers and vanishes!
Deactivating autopickup; reactivate with Ctrl-A.
You hit the kobold.
Your weapon exudes an aura of protection.
The kobold explodes!
The fiery explosion engulfs you!!
Ouch! That really hurt!
You die...

........##.#
#######.##.#
#####..........#
#..............###
#.................
#........##...####
#$.......##...#
#§.......##.###
#@§{.....##.#
#§§§.....##.#
###########.


There were no monsters in sight!

Vanquished Creatures
  2 worms
  2 dart slugs
  An orc (D:3)
  4 bats (D:1)
  5 endoplasms
  A giant cockroach (D:1)
  6 goblins
  2 jackals (D:1)
  4 quokkas
  2 ball pythons (D:1)
  4 frilled lizards
  3 kobolds
  3 rats (D:1)
39 creatures vanquished.

Vanquished Creatures (others)
  4 toadstools (D:2)
4 creatures vanquished.

Grand Total: 43 creatures vanquished

Notes
Turn   | Place    | Note
-------+----------+-------------------------------------------
     0 | D:1      | rabbitsville the Gargoyle Hunter began the quest for the
                  | Orb.
     0 | D:1      | Reached XP level 1. HP: 12/12 MP: 1/1
    45 | D:1      | Reached XP level 2. HP: 12/17 MP: 2/2
    57 | D:1      | Reached skill level 1 in Armour
   256 | D:1      | Found Semosig's General Store.
   269 | D:1      | Reached XP level 3. HP: 21/21 MP: 3/3
   969 | D:2      | Noticed Terence
  1172 | D:3      | Found a transporter.
  1228 | D:3      | Found a transporter.
  1280 | D:3      | Reached skill level 5 in Crossbows
  1672 | D:2      | Noticed Sigmund
  1702 | D:2      | Killed by an exploding kobold... ignited by their inner
                  | flame

Illustrated notes

Levels and vault maps discovered:
D:1:      ncdulo_watergridlock, layout_rooms, serial_shops,
          nicolae_shop_advertising_works [nicolae_subvault_shop_adworks]
D:2:      layout_basic, minmay_gold_behind_fungi,
          amcnicky_mini_rare_corridor_liquid, dreamdust_wishing_well,
          uniq_terence, uniq_sigmund
D:3:      gammafunk_steamed_eel, layout_loops_ring,
          chequers_serial_rivers_large_a

Skill      XL: |  1  2  3 |
---------------+----------+-----
Armour         | 1 |  1.9
Crossbows      | 5 |  5.0
Fighting       | |  2.1
Dodging        | |  1.5
Stealth        | |  1.1

Action                   || total
-------------------------++-------
Melee: Dagger            ||     4
 Fire: Hand crossbow     ||   101
  Use: Scroll            ||     3
Armor: Leather armour    ||    14
Dodge: Dodged            ||    32

Table legend: (Time is in decaauts)
 A = Elapsed time spent in this place.
 B = Non-inter-level travel time spent in this place.
 C = Inter-level travel time spent in this place.
 D = Time resting spent in this place.
 E = Time spent auto-exploring this place.
 F = Levels seen in this place.
 G = Mean time per level.
                   A        B        C        D        E       F      G
               +--------+--------+--------+--------+--------+-----+--------+
         Total |   1743 |   1697 |     46 |      0 |   1354 |   3 |  581.0 |
       Dungeon |   1743 |   1697 |     46 |      0 |   1354 |   3 |  581.0 |
               +--------+--------+--------+--------+--------+-----+--------+

Top non-repeatable levels by time:
     D:3: 646 daAuts
     D:2: 571 daAuts
     D:1: 525 daAuts
